 Dungeon Crawl Stone Soup version 0.17-a0-913-g36eb389 (webtiles) character file.

3 RobertPalmer the Ogre Mage (level 1, 0/16 HPs)
             Began as an Ogre Enchanter on May 3, 2015.
             Slain by a goblin
             ... wielding a +1 dagger of flaming
              (2 damage)
             ... on level 1 of the Dungeon.
             The game lasted 00:00:38 (71 turns).

RobertPalmer the Ogre Mage (Ogre Enchanter)           Turns: 71, Time: 00:00:38

Health: 0/16       AC:  4    Str: 12    XL:     1   Next: 50%
Magic:  3/3        EV: 10    Int: 14    God:
Gold:   0          SH:  0    Dex: 10    Spells: 1 memorised, 3 levels left

rFire  . . .     SeeInvis .     a - +1 dagger
rCold  . . .     Clarity  .     b - +1 robe
rNeg   . . .     SustAb   .     (no shield)
rPois  .         Gourm    .     (helmet restricted)
rElec  .         Spirit   .     (no cloak)
rCorr  .         Warding  .     (gloves unavailable)
rMut   .         Stasis   .     (boots unavailable)
MR     .....                    (no amulet)
Stlth  ++........               (no ring)
                                (no ring)

@: not resistant to hostile enchantments, unstealthy
A: unfitting armour, tough skin 1
a: no special abilities


You were on level 1 of the Dungeon.
You were not hungry.

You visited 1 branch of the dungeon, and saw 1 of its levels.

Inventory:

Hand weapons
 a - a +1 dagger (weapon)
Armour
 b - a +1 robe (worn)
Books
 c - a book of Maledictions
Comestibles
 d - a bread ration {@e1}


   Skills:
 - Level 0.5 Short Blades
 - Level 1.7 Dodging
 - Level 2.4 Stealth
 - Level 2.4 Spellcasting
 + Level 2.3 Hexes


You had 3 spell levels left.
You knew the following spells:

 Your Spells              Type           Power        Failure   Level  Hunger
v - Corona                Hex            #......      12%         1    #......


Dungeon Overview and Level Annotations

Branches:
Dungeon (1/15)

Altars:


Innate Abilities, Weirdness & Mutations

You are too large for most types of armour.
You have tough skin (AC +1).


Message History

Welcome, RobertPalmer the Ogre Enchanter.
It is said that the Orb of Zot exists deep within this dungeon, but nobody has ever found it.
Found a staircase leading out of the dungeon.
There is a dry fountain here.
As you open the door, it creaks loudly!
You hear a shout!
There is an open door here.
A goblin comes into view.
The goblin shouts!
A goblin is nearby!
A goblin is nearby!
A goblin is nearby!
Aim: a goblin (chance 59%)
The goblin is outlined in light.
A hobgoblin comes into view. It is wielding a club.
You now have 2/3 mp.
You hit the goblin.
You kill the goblin!
A hobgoblin comes into view. It is wielding a club.
You see here a goblin corpse.
Aim: a hobgoblin, wielding a club (chance 61%)
The hobgoblin is outlined in light.
The hobgoblin shouts!
You now have 1/3 mp.
The hobgoblin hits you but does no damage.
A rat comes into view.
You hit the hobgoblin. The hobgoblin closely misses you.
You hit the hobgoblin. The hobgoblin hits you with a club.
The hobgoblin closely misses you.
You take 1 damage, and have 15/16 hp.
You barely miss the hobgoblin.
The hobgoblin hits you but does no damage. x2
You hit the hobgoblin.
You kill the hobgoblin!
The hobgoblin hits you with a club.
You take 2 damage, and have 13/16 hp.
Aim: a hobgoblin, wielding a club (chance 61%)
The hobgoblin struggles to resist.
The hobgoblin hits you with a club.
You take 4 damage, and have 9/16 hp.
MASSIVE DAMAGE!!
You now have 0/3 mp.
You miscast Corona.
You are very lightly contaminated with residual magic.
You feel off-balance for a moment. The rat misses you.
You now have 0/3 mp.
You barely miss the rat. The rat bites you.
You take 3 damage, and have 6/16 hp.
You hit the rat. The rat barely misses you.
You barely miss the rat. The rat barely misses you.
You hit the rat.
You kill the rat!
Aim: a hobgoblin, wielding a club (chance 61%)
The hobgoblin struggles to resist.
You now have 0/3 mp.
A hobgoblin comes into view. It is wielding a club.
The hobgoblin hits you with a club.
* * * LOW HITPOINT WARNING * * *
You take 3 damage, and have 4/16 hp.
Unknown command.
Your magical contamination has completely faded away.
A goblin comes into view. It is wielding a dagger of flaming.
MP restored: 3 The goblin shouts!
The goblin hits you with a dagger of flaming.
* * * LOW HITPOINT WARNING * * *
The goblin burns you.
You die...

... # #.#.
# #.#[# ###
#.#.# ....
#####.#.###
...
.........
###.
####...#.#
..'..
+....g...#
# #@.g#.##
# ##.#g..#
# ###.#.#
#...# +#
##.## .#
#.# #.# #.#
#.## #.#
...# #.#


You could see 2 hobgoblins and a goblin.

Vanquished Creatures
  A goblin (D:1)
  A hobgoblin (D:1)
  A rat (D:1)
3 creatures vanquished.

Notes
Turn   | Place    | Note
--------------------------------------------------------------
     0 | D:1      | RobertPalmer, the Ogre Enchanter, began the quest for the Orb.
     0 | D:1      | Reached XP level 1. HP: 16/16 MP: 3/3
    43 | D:1      | HP: 4/16 [hobgoblin/club (3)]
    71 | D:1      | HP: 2/16 [goblin/dagger of flaming (3)]
    71 | D:1      | Slain by a goblin

Action                   || total
-------------------------++-------
Melee: Dagger            ||     9
 Cast: Corona            ||     4

Vault maps used:
D:1:      dpeg_arrival_simpleton_c

Table legend:
 A = Turns spent in this place as a percentage of turns spent in the entire game.
 B = Non-inter-level travel turns spent in this place as a percentage of non-inter-level travel turns spent in the entire game.
 C = Inter-level travel turns spent in this place as a percentage of turns spent in this place.
 D = Turns resting spent in this place as a percentage of non-inter-level travel turns spent in this place.
 E = Turns spent auto-exploring this place as a percentage of non-inter-level travel turns spent in this place.
 F = Non-inter-level travel turns spent in this place divided by the number of levels of this place that you've seen.
                   A       B       C       D       E      F
               +-------+-------+-------+-------+-------+----------------------
         Total | 100.0 | 100.0 |   0.0 |   0.0 |   1.4 |  74.0
       Dungeon | 100.0 | 100.0 |   0.0 |   0.0 |   1.4 |  74.0
               +-------+-------+-------+-------+-------+----------------------

Table legend:
 A = Kills in this place as a percentage of kills in entire the game.
 B = Kills by you in this place as a percentage of kills by you in the entire game.
 C = Kills by friends in this place as a percentage of kills by friends in the entire game.
 D = Other kills in this place as a percentage of other kills in the entire game.
 E = Experience gained in this place as a percentage of experience gained in the entire game.
 F = Experience gained in this place divided by the number of levels of this place that you have seen.
                   A       B       C       D       E      F
               +-------+-------+-------+-------+-------+----------------------
         Total | 100.0 | 100.0 |  -nan |  -nan | 100.0 |   5.0
       Dungeon | 100.0 | 100.0 |  -nan |  -nan | 100.0 |   5.0
               +-------+-------+-------+-------+-------+----------------------
